 Dungeon Crawl Stone Soup version 0.24.0-1-gfbc8707122 (webtiles) character file.

Game seed: 8943992773190720511, levelgen mode: deterministic

48 MTVSty1e the Cudgeler (level 3, -8/23 HPs)
             Began as a Gargoyle Fighter on Oct 28, 2019.
             Was an Initiate of Okawaru.
             Killed by divine providence
             ... invoked by an orc priest
              (12 damage)
             ... on level 3 of the Dungeon.
             The game lasted 00:01:38 (1622 turns).

MTVSty1e the Cudgeler (Gargoyle Fighter)            Turns: 1622, Time: 00:01:39

Health: -8/23      AC: 21    Str: 20    XL:     3   Next: 72%
Magic:  3/3        EV:  0    Int:  8    God:    Okawaru [......]
Gold:   66         SH:  9    Dex:  9    Spells: 2/2 levels left

rFire    . . .     SeeInvis .   a - +0 flail
rCold    . . .     Gourm    .   c - +0 shield
rNeg     + . .     Faith    .   m - +0 crystal plate armour
rPois    ∞         Spirit   .   j - +1 hat
rElec    +         Reflect  .   (no cloak)
rCorr    .         Harm     .   q - +0 pair of gloves
MR       .....                  (no boots)
Stlth    ..........             l - amulet of rage
HPRegen  0.07/turn              (no ring)
MPRegen  0.08/turn              (no ring)

@: no status effects
A: negative energy resistance 1, electricity resistance, unbreathing,
petrification resistance, rot immunity, AC +3
a: Renounce Religion, Evoke Berserk Rage


You were on level 3 of the Dungeon.
You worshipped Okawaru.
Okawaru was noncommittal.
You were not hungry.

You visited 1 branch of the dungeon, and saw 3 of its levels.

You collected 66 gold pieces.

Inventory:

Hand Weapons
 a - a +0 flail (weapon)
Armour
 b - a +0 scale mail
 c - a +0 shield (worn)
 j - a +1 hat (worn)
 m - a +0 crystal plate armour (worn)
 q - a +0 pair of gloves (worn)
Jewellery
 l - an amulet of rage (around neck)
Scrolls
 e - a scroll of identify
 g - 2 scrolls of teleportation
Potions
 d - a potion of might
 h - a potion of heal wounds {unknown}
 i - a potion of lignification {unknown}
 n - a potion of ambrosia {unknown}
 o - a potion of curing {unknown}
Comestibles
 f - 4 rations


   Skills:
 - Level 3.2 Fighting
 + Level 4.0 Maces & Flails
 - Level 3.2 Armour
 - Level 3.2 Shields


You had 2 spell levels left.
You didn't know any spells.
Your spell library was empty.

Dungeon Overview and Level Annotations

Branches:
Dungeon (3/15)

Altars:
Okawaru
Wu Jian


Innate Abilities, Weirdness & Mutations

You are resistant to torment.
Your stone body is resilient. (AC +3)
You are immune to poison.
You resist negative energy. (rN+)
You are resistant to electric shocks. (rElec)
You can survive without breathing.
You are immune to petrification.
You are immune to rotting.


Message History

Ouch! That really hurt!
* * * LOW HITPOINT WARNING * * *
The orc hits you but does no damage. The rat bites you but does no damage.
You sock the orc!
You kill the orc!
Okawaru accepts your kill.
Your Maces & Flails skill increases to level 4!
An adder comes into view.
You block the rat's attack. You block the orc's attack.
The orc wizard begins to cast a cantrip, but forgets the words!
The rat bites you but does no damage. x2
The orc wizard gestures wildly while chanting.
The orc wizard flickers and vanishes!
Deactivating autopickup; reactivate with Ctrl-A.
An orc wizard comes into view. It is wielding a +0 dagger.
The rat bites you but does no damage.
The orc priest calls down the wrath of Beogh upon you.
Beogh smites you!
Ouch! That really hurt!
You die...

########
#......##
#<####..#### #.#
##....########
#.#
####......@.####
...
########o{..##..
... #or......
...# #roKoS....
#... #.o..l....
#### #.......#.
##..o...o.
#.....###
.......


You could see an orc priest, an orc wizard (wandering), an adder, 5 orcs, a
leopard gecko, a kobold and a rat.

Vanquished Creatures
  An ooze (D:1)
  A dart slug (D:1)
  An orc (D:3)
  5 bats
  2 giant cockroaches
  A goblin (D:2)
  8 hobgoblins
  7 jackals
  4 kobolds
  A ball python (D:2)
  3 frilled lizards
  2 rats (D:1)
36 creatures vanquished.

Notes
Turn   | Place    | Note
-------+----------+-------------------------------------------
     0 | D:1      | MTVSty1e the Gargoyle Fighter began the quest for the Orb.
     0 | D:1      | Reached XP level 1. HP: 14/14 MP: 1/1
   123 | D:1      | Reached XP level 2. HP: 16/19 MP: 2/2
   143 | D:1      | Reached skill level 3 in Maces & Flails
   726 | D:1      | Reached XP level 3. HP: 23/23 MP: 3/3
  1008 | D:2      | Found a faded altar of an unknown god.
  1346 | D:2      | Found an iron altar of Okawaru.
  1358 | D:2      | Found an ornate altar of the Wu Jian Council.
  1368 | D:2      | Became a worshipper of Warmaster Okawaru
  1620 | D:3      | Reached skill level 4 in Maces & Flails
  1622 | D:3      | Killed from afar by an orc priest

Levels and vault maps discovered:
D:1:      dpeg_arrival_simpleton_b, layout_loops_ring
D:2:      layout_loops_ring, amethyst_overflow_temple_binary,
          chequers_ecumenical_altar_simple_redux, kennysheep_boxes
D:3:      layout_rooms, solitary_fountain

Skill      XL: |  1  2  3 |
---------------+----------+-----
Maces & Flails | 3 4 |  4.0
Fighting       | |  3.2
Armour         | |  3.2
Shields        | |  3.2

Action                   || total
-------------------------++-------
Melee: Flail             ||   148
  Use: Scroll            ||     4
  Eat: Ration            ||     1
Armor: Scale mail        ||    29
       Crystal plate arm ||   114
Dodge: Dodged            ||     9
Block: Shield            ||    79
